 Dungeon Crawl Stone Soup version 0.24-a0-479-g9a978d2894 (webtiles) character file.

Game seed: 7165902220960712143

209 1994 the Ruffian (level 5, 0/53 HPs)
             Began as an Ogre Transmuter on July 6, 2019.
             Slain by a sky beast (4 damage)
             ... on level 3 of the Dungeon.
             The game lasted 00:07:17 (2634 turns).

1994 the Ruffian (Ogre Transmuter)                  Turns: 2634, Time: 00:07:18

Health: 0/53       AC:  3    Str: 14    XL:     5   Next: 87%
Magic:  9/10       EV: 10    Int: 15    God:
Gold:   87         SH:  0    Dex:  9    Spells: 1/11 levels left

rFire    . . .     SeeInvis .     - Unarmed
rCold    . . .     Gourm    .   (no shield)
rNeg     . . .     Faith    .   b - +0 robe
rPois    .         Spirit   .   (helmet restricted)
rElec    .         Reflect  .   (no cloak)
rCorr    .         Harm     .   (gloves unavailable)
MR       .....                  (boots unavailable)
Stlth    +.........             (no amulet)
HPRegen  0.17/turn              (no ring)
MPRegen  0.12/turn              (no ring)

@: no status effects
A: large, unfitting armour, tough skin 1
a: no special abilities


You were on level 3 of the Dungeon.
You were near starving.

You visited 1 branch of the dungeon, and saw 3 of its levels.

You collected 87 gold pieces.

Inventory:

Hand Weapons
 i - a +0 hunting sling
Missiles
 a - 51 arrows
 e - 67 stones (quivered)
Armour
 b - a +0 robe (worn)
Wands
 g - a wand of digging (2)
 h - a wand of polymorph (7)
 k - a wand of acid (6)
Scrolls
 j - a scroll of enchant weapon {unknown}
Potions
 c - 2 potions of lignification {unknown}
 f - 2 potions of curing {unknown}
 l - 2 potions of flight {unknown}
Comestibles
 d - 5 rations


   Skills:
 + Level 3.3 Fighting
 - Level 1.7 Dodging
 * Level 4.1 Unarmed Combat
 + Level 3.5 Spellcasting
 + Level 2.7 Transmutations
 - Level 1.0 Poison Magic


You had one spell level left.
You knew the following spells:

 Your Spells              Type           Power        Failure   Level  Hunger
a - Beastly Appendage     Tmut           ##....       6%          1    None
b - Sticks to Snakes      Tmut           ##......     10%         2    ##.....
c - Spider Form           Tmut/Pois      #.........   26%         3    ###....
d - Ice Form              Ice/Tmut       #.......     71%         4    ####...

Your spell library contained the following spells:

 Spells                   Type           Power        Failure   Level  Hunger
 Blade Hands              Tmut           ##........   86%         5    ######.


Dungeon Overview and Level Annotations

Branches:
Dungeon (3/15)

Altars:


Innate Abilities, Weirdness & Mutations

You are too large for most types of armour.
You have tough skin. (AC +1)


Message History

* * * LOW HITPOINT WARNING * * *
Something shocks you.
* * * LOW HITPOINT WARNING * * *
You feel yourself speed up.
A sky beast appears from thin air!
Reactivating autopickup.
The sky beast hits you.
* * * LOW HITPOINT WARNING * * *
The sky beast shocks you.
* * * LOW HITPOINT WARNING * * *
Press: ? - help, v - describe, . - travel
Here: a sky beast (severely wounded, poisoned)
The floor.
Unknown command.
The sky beast looks more healthy.
The sky beast flickers out of sight!
Deactivating autopickup; reactivate with Ctrl-A.
There is a stone staircase leading up here.
Something hits you.
You die...

###############
#.o...o.g.o.{@############
#.#########..............#
#.# ###....############.#
#.# ..........#........#.#
#o# .###........######.#.#
#.# .....#.....###.##.#.#
#g# ####.#.......#....#.#
#o# #.#.....#.#.####.# #≈#
# #....)#.#.# #.#


You could see 2 orcs and a goblin.

Vanquished Creatures
  An orc wizard (D:3)
  Terence (D:2)
  Robin (D:2)
  A gnoll (D:1)
  3 adders
  An ooze (D:2)
  3 dart slugs (D:1)
  3 leopard geckos
  10 orcs (D:3)
  9 bats
  4 giant cockroaches
  12 hobgoblins
  A jackal (D:3)
  7 kobolds
  2 quokkas (D:2)
  A ball python (D:2)
  17 goblins
  6 rats
83 creatures vanquished.

Notes
Turn   | Place    | Note
-------+----------+-------------------------------------------
     0 | D:1      | 1994 the Ogre Transmuter began the quest for the Orb.
     0 | D:1      | Reached XP level 1. HP: 19/19 MP: 3/3
    60 | D:1      | Reached XP level 2. HP: 14/28 MP: 3/5
    67 | D:1      | Learned a level 2 spell: Sticks to Snakes
   251 | D:1      | Reached skill level 3 in Unarmed Combat
   399 | D:1      | Reached XP level 3. HP: 29/35 MP: 5/7
   409 | D:1      | Learned a level 3 spell: Spider Form
  1169 | D:2      | Reached XP level 4. HP: 40/44 MP: 8/8
  1339 | D:2      | Noticed Terence
  1342 | D:2      | Reached skill level 1 in Poison Magic
  1351 | D:2      | Killed Terence
  1413 | D:2      | Identified the cursed -4 helmet of Wasted Space {rC- Regen+
                  | Dex+2}
  1413 | D:2      | Noticed Robin
  1429 | D:2      | Killed Robin
  1434 | D:2      | Reached XP level 5. HP: 39/50 MP: 6/9
  2190 | D:2      | Learned a level 4 spell: Ice Form
  2581 | D:3      | Noticed a sky beast
  2607 | D:3      | Reached skill level 4 in Unarmed Combat
  2616 | D:3      | HP: 1/53 [sky beast (6)]
  2634 | D:3      | Slain by a sky beast

Levels and vault maps discovered:
D:1:      eino_arrival_tree_alley, layout_loops_ring, serial_bayou_pond_d,
          minmay_split_cup_large
D:2:      layout_basic, uniq_robin, uniq_terence
D:3:      layout_basic

Skill      XL: |  1  2  3  4  5 |
---------------+----------------+-----
Unarmed Combat | 3 4 |  4.1
Transmutations | 2 |  2.7
Fighting       | 2 3 |  3.3
Spellcasting   | 3 |  3.5
Poison Magic   | 1 |  1.0
Dodging        | |  1.7

Action                   |  1- 3 |  4- 6 || total
-------------------------+-------+-------++-------
Melee: Unarmed           |   116 |   161 ||   277
       Kick              |     4 |     2 ||     6
       Headbutt          |     7 |     6 ||    13
       Punch             |     1 |       ||     1
 Cast: Beastly Appendage |    12 |    11 ||    23
       Spider Form       |     1 |     6 ||     7
       Sticks to Snakes  |       |     1 ||     1
 Stab: Sleeping          |     1 |       ||     1
  Eat: Chunk             |     1 |     4 ||     5
Armor: Robe              |    33 |    18 ||    51
       Skin              |     2 |     4 ||     6
Dodge: Dodged            |    69 |    95 ||   164

Table legend:
 A = Non-vault XP
 B = Vault XP
 C = Vault XP percentage of total XP
 D = Non-vault monster count
 E = Vault monster count
 F = Vault count percentage of total count
                 A         B        C        D         E       F
            +---------+---------+-------+---------+---------+-------
      Total |     223 |      76 |  25.4 |      67 |      16 |  19.3
            +---------+---------+-------+---------+---------+-------
        D:1 |      60 |       7 |  10.4 |      24 |       4 |  14.3
        D:2 |      70 |      69 |  49.6 |      26 |      12 |  31.6
        D:3 |      93 |       0 |   0.0 |      17 |       0 |   0.0
            +---------+---------+-------+---------+---------+-------
